 Dungeon Crawl Stone Soup version 0.16-a0-2755-gf4312ef (webtiles) character file.

121093 Johnny the Destroyer (level 15, 0/124 HPs)
             Began as a Demigod Air Elementalist on Nov 26, 2014.
             Shot with an arrow by a centaur warrior (21 damage)
             ... on level 14 of the Dungeon on Nov 27, 2014.
             The game lasted 02:55:26 (53079 turns).

Johnny the Destroyer (Demigod Air Elementalist)    Turns: 53079, Time: 02:55:26

Health: 0/124      AC: 40    Str: 11    XL:     15   Next: 84%
Magic:  12/35      EV: 13    Int: 25    God:
Gold:   427        SH:  5    Dex: 20    Spells: 7 memorised, 7 levels left

rFire  + + .     SeeInvis .     Q - +1 mace (protect)
rCold  . . .     Clarity  .     g - +4 swamp dragon armour
rNeg   . . .     SustAb   +     U - +1 buckler {reflect}
rPois  +         Gourm    .     G - +1 hat
rElec  .         Spirit   .     b - +1 cloak
rCorr  .         Warding  .     v - +0 pair of gloves
rMut   +         Stasis   .     D - +1 pair of boots "Oclip" {rF++ MR+}
MR     ++...                    Z - amulet of resist mutation
Stlth  ++........               o - +4 ring of protection
                                h - +6 ring of protection

@: very slightly contaminated, hasted, very quick, very resistant to hostile
enchantments, unstealthy
A: iridescent scales 1, rugged brown scales 1, sustain abilities
a: no special abilities


You were on level 14 of the Dungeon.
You were near starving.

You visited 5 branches of the dungeon, and saw 32 of its levels.
You also visited: Sewer and Ice Cave.

You collected 3004 gold pieces.
You spent 2577 gold pieces at shops.

Inventory:

Hand weapons
 f - a +0 long sword of electrocution
 J - a +1 spear of venom
 Q - a +1 mace of protection (weapon)
Armour
 b - a +1 cloak (worn)
 g - a +4 swamp dragon armour (worn)
 v - a +0 pair of gloves (worn)
 D - the +1 pair of boots "Oclip" (worn) {rF++ MR+}
   (You found it on level 2 of the Lair of Beasts)

   It greatly protects you from fire.
   It affects your resistance to hostile enchantments.
 G - a +1 hat (worn)
 U - a +1 buckler of reflection (worn)
Jewellery
 a - an uncursed ring of teleportation
 h - a +6 ring of protection (left hand)
 o - a +4 ring of protection (right hand)
 s - an uncursed ring of magical power {unknown}
 V - an uncursed ring of protection from cold
 Z - an amulet of resist mutation (around neck)
Magical devices
 d - a wand of enslavement (5)
 l - a wand of slowing (14)
 m - a wand of paralysis (2)
 u - a wand of hasting (3)
 L - a wand of cold (0)
 T - a wand of invisibility (0)
Scrolls
 c - a scroll of vulnerability
 i - a scroll of holy word
 j - 7 scrolls of fog
 p - 3 scrolls of recharging
 t - 17 scrolls of remove curse
 y - a scroll of fear
 A - 4 scrolls of enchant weapon
 E - 7 scrolls of magic mapping
Potions
 k - 2 potions of curing
 r - 3 potions of restore abilities
 x - 5 potions of resistance
 B - 5 potions of might
 F - a potion of cancellation
 H - 3 potions of berserk rage {unknown}
 I - a potion of haste
 R - 5 potions of flight {unknown}
 X - a potion of agility
Miscellaneous
 e - a fan of gales
 w - a lamp of fire (inert, charging)
 z - a fan of gales (inert, charging)
 W - a fan of gales (inert)
Comestibles
 n - 4 bread rations
 C - 5 meat rations


   Skills:
 - Level 7.8 Fighting
 + Level 8.2 Armour
 - Level 7.5 Dodging
 - Level 2.0 Stealth
 - Level 10.3 Spellcasting
 - Level 11.0 Conjurations
 + Level 7.9 Hexes
 * Level 8.2 Charms
 - Level 4.9 Necromancy
 - Level 9.8 Air Magic
 - Level 5.3 Earth Magic
 - Level 10.3 Evocations


You had 7 spell levels left.
You knew the following spells:

 Your Spells              Type           Power        Failure   Level  Hunger
a - Shock                 Conj/Air       ####         1%          1    None
b - Static Discharge      Conj/Air       ######..     1%          3    None
c - Lightning Bolt        Conj/Air       ######....   6%          5    ####...
d - Confuse               Hex            ######..     1%          3    None
e - Iron Shot             Conj/Erth      ######....   83%         6    #####..
f - Regeneration          Chrm/Necr      #####.....   3%          3    None
g - Haste                 Chrm           ######..     83%         6    #####..


Dungeon Overview and Level Annotations

Branches:
Dungeon (14/15)            Temple (0/1) D:5            Lair (8/8) D:11
  Swamp (5/5) Lair:6       Spider (1/5) Lair:5        Slime (0/6) Lair:7
    Orc (4/4) D:9             Elf (0/3) Orc:3
 Vaults: D:13-14

Shops:
D:13 ?([%   Orc:4 *(!}

Annotations:
Lair:7 runed door
Swamp:4 Aizul
Spider:1 Nikola


Innate Abilities, Weirdness & Mutations

Your attributes are resistant to harm.
You are partially covered in iridescent scales (AC +4).
You are partially covered in rugged brown scales (AC +1, +3% HP).


Message History

Okay, then.
Read which item? (? for menu, Esc to quit)
Charge which item? (? for menu, Esc to quit)
As you read the scroll of recharging, it crumbles to dust.
Your wand of hasting (0) glows for a moment and now has 4 charges.
You are covered in liquid flames!
* * * LOW HITPOINT WARNING * * *
The centaur warrior shoots an arrow.
The arrow closely misses you.
Evoke which item? (* to show all) (? for menu, Esc to quit)
Zapping:
u - a wand of hasting (4)
Press: ? - help, Shift-Dir - straight line, f - you, p - enchanted long sword You feel yourself speed up.
You are very lightly contaminated with residual magic.
This wand has 3 charges left.
Unknown command.
The enchanted long sword hits you!
* * * LOW HITPOINT WARNING * * *
Unknown command.
The centaur warrior shoots an arrow.
The arrow hits you!!
You die...

#..# ## . ... .. ...
.##.# #..#.##+##.# #....#
#.......... .....(.
#.##.#.#.# .....# ###.#
#...# #.#.#
#...###.#.#####
..##...###.##....)...<.#
.........@..............#
.....#..##..####.......#
. ##.c(..## #########
...#......####
...........†D(########
..#...#(#####..D.$...#
#...#.# ########...
#..###.# #.# #.#


You could see a centaur warrior.

Vanquished Creatures
  3 thorn hunters (Swamp:3)
  A frost giant (IceCv)
  Wiglaf (Swamp:3)
  Snorg (Orc:3)
  Fannar (Lair:2)
  An ice dragon (Lair:7)
  9 hydras
  Nessos (Orc:3)
  2 ghost crabs
  4 death yaks (Lair:8)
  3 alligators
  2 tengu warriors (D:13)
  6 orc high priests
  Urug (Orc:3)
  4 unseen horrors
  2 swamp dragons
  An ice statue (IceCv)
  A shambling mangrove (Swamp:4)
  2 wolf spiders (Orc:2)
  2 griffons
  3 ugly things
  2 hill giants (D:13)
  An orc knight (Orc:4)
  3 red wasps
  6 elephants
  3 orc sorcerers
  Joseph (Orc:3)
  5 black mambas
  25 spiny frogs
  A kobold demonologist (D:13)
  4 spriggan druids
  A hellwing (Orc:4)
  10 komodo dragons
  A tengu conjurer (D:14)
  5 two-headed ogres
  8 giant leeches
  Sonja (Orc:4)
  34 polar bears
  6 trolls
  12 blink frogs
  27 ravens
  6 bog bodies
  13 slime creatures
  24 spriggans
  2 basilisks
  4 redbacks
  4 trapdoor spiders (Lair:5)
  A shadow (Swamp:4)
  45 yaks
  25 vampire mosquitoes
  Eustachio (D:8)
  A hungry ghost (D:9)
  2 wraiths (D:11)
  2 wyverns
  15 water moccasins
  10 hippogriffs
  36 wolves
  A soldier ant (D:11)
  A spectral spiny frog (Swamp:4)
  4 wargs
  Edmund (D:6)
  Menkaure (D:6)
  18 swamp worms
  4 sky beasts
  A spider (Orc:2)
  6 ogres
  3 phantoms
  11 ice beasts
  A mottled dragon (D:11)
  7 black bears (Lair:8)
  2 necrophages
  11 porcupines
  11 orc warriors
  9 swamp drakes
  12 yellow wasps
  13 crocodiles
  3 centaurs
  Sigmund (D:6)
  3 boring beetles (Lair:7)
  18 giant frogs
  4 big kobolds (Sewer)
  2 brain worms
  A wyvern zombie (D:11)
  5 scorpions
  10 killer bees (D:13)
  3 electric eels
  2 wights (D:9)
  A quasit (D:7)
  6 crimson imps
  5 goliath beetles
  2 centaur zombies
  A giant frog zombie (D:10)
  42 orc priests
  6 hounds
  Crazy Yiuf (D:7)
  2 centaur skeletons (D:11)
  9 iguanas
  4 jellies
  2 giant frog skeletons
  21 orc wizards
  16 worker ants
  An ogre zombie (Orc:4)
  25 sheep
  A hound zombie (D:10)
  2 hound skeletons (D:10)
  25 adders
  46 river rats
  2 shadow imps
  A white imp (D:13)
  4 worms
  An ufetubus (D:13)
  An adder zombie (D:6)
  4 orc skeletons (Orc:3)
  5 oozes (Sewer)
  200 orcs
  A ball python (Sewer)
  9 bats
  2 bat skeletons (D:5)
  A bat zombie (D:7)
  4 giant cockroaches
  18 goblins
  15 hobgoblins
  7 quokkas
  3 giant geckos
  A giant gecko zombie (D:5)
  9 giant newts
  A goblin skeleton (Orc:3)
  A hobgoblin zombie (Orc:3)
  11 jackals
  16 kobolds
  15 rats
  A briar patch (Swamp:3)
  2 fungi (Lair:8)
  3 plants
1123 creatures vanquished.

Vanquished Creatures (collateral kills)
  2 hydras
  A swamp dragon (Swamp:3)
  A shambling mangrove (Swamp:3)
  A spiny frog (Lair:7)
  A komodo dragon (Lair:7)
  4 blink frogs (Lair:7)
  A bog body (Swamp:3)
  2 spriggans
  A wolf (Lair:8)
  3 insubstantial wisps (Swamp:3)
  3 vampire mosquitoes
  A swamp drake (Swamp:3)
  A porcupine (Lair:7)
  3 yellow wasps
  A wight (D:9)
  A worker ant (D:14)
  3 sheep (Lair:7)
  An adder (Lair:7)
  2 orcs (D:9)
33 creatures vanquished.

Vanquished Creatures (others)
  8 air elementals
  3 fire elementals
  A jumping spider (Spider:1)
  A raven (D:14)
  A spriggan (Lair:8)
  A yak (D:8)
  A wolf (Lair:8)
  A swamp drake (Swamp:2)
  An orc priest (D:9)
  A sheep (Lair:7)
  5 orcs
  A briar patch (Swamp:3)
  9 fungi
  4 plants
38 creatures vanquished.

Grand Total: 1194 creatures vanquished

Notes
Turn   | Place    | Note
--------------------------------------------------------------
     0 | D:1      | Johnny, the Demigod Air Elementalist, began the quest for the Orb.
     0 | D:1      | Reached XP level 1. HP: 14/14 MP: 3/3
    51 | D:1      | Reached skill level 1 in Conjurations
   769 | D:2      | Reached XP level 2. HP: 17/22 MP: 5/5
   945 | D:2      | Found a bloodstained altar of Trog.
  1650 | D:3      | Reached skill level 3 in Air Magic
  1650 | D:3      | Reached XP level 3. HP: 27/27 MP: 0/8
  1699 | D:3      | Reached skill level 1 in Fighting
  1847 | D:3      | Reached XP level 4. HP: 18/35 MP: 1/10
  1878 | D:3      | Reached skill level 1 in Evocations
  1981 | D:3      | Found a glowing drain.
  1988 | Sewer    | Entered a sewer
  2081 | Sewer    | Learned a level 3 spell: Static Discharge
  2568 | Sewer    | Reached skill level 1 in Armour
  2876 | Sewer    | Noticed a big kobold
  2892 | Sewer    | Killed a big kobold
  2892 | Sewer    | Reached XP level 5. HP: 26/40 MP: 2/12
  3080 | Sewer    | Noticed a big kobold
  3091 | Sewer    | Killed a big kobold
  3127 | Sewer    | Noticed a big kobold
  3144 | Sewer    | Killed a big kobold
  3144 | Sewer    | Reached XP level 6. HP: 44/48 MP: 3/16
  3297 | Sewer    | Noticed a big kobold
  3307 | Sewer    | Killed a big kobold
  4016 | D:4      | Reached XP level 7. HP: 43/55 MP: 7/19
  4712 | D:5      | Entered Level 5 of the Dungeon
  4843 | D:5      | Found a staircase to the Ecumenical Temple.
  4853 | D:5      | Reached skill level 4 in Air Magic
  5476 | D:6      | Noticed a troll
  5484 | D:6      | Killed a troll
  5484 | D:6      | Reached XP level 8. HP: 62/62 MP: 8/20
  5580 | D:6      | Noticed Edmund
  5608 | D:6      | Killed Edmund
  5784 | D:6      | Gained mutation: You are partially covered in rugged brown scales (AC +1, +3% HP). [potion of beneficial mutation]
  5785 | D:6      | Gained mutation: You are partially covered in iridescent scales (AC +4). [potion of beneficial mutation]
  5857 | D:6      | Noticed Menkaure
  5862 | D:6      | Killed Menkaure
  5898 | D:6      | Reached skill level 5 in Air Magic
  5905 | D:6      | Learned a level 5 spell: Lightning Bolt
  5909 | D:6      | Learned a level 3 spell: Confuse
  6036 | D:6      | Noticed Sigmund
  6045 | D:6      | Killed Sigmund
  6246 | D:6      | Reached skill level 5 in Conjurations
  6550 | D:6      | Reached skill level 1 in Hexes
  6936 | D:7      | Reached XP level 9. HP: 68/73 MP: 13/23
  7564 | D:7      | Reached skill level 5 in Spellcasting
  7642 | D:7      | Noticed Crazy Yiuf
  7645 | D:7      | Killed Crazy Yiuf
  7981 | D:8      | Noticed Eustachio
  7997 | D:8      | Killed Eustachio
  8045 | D:8      | Reached skill level 6 in Conjurations
  8896 | D:9      | Reached XP level 10. HP: 66/82 MP: 16/26
 10108 | D:10     | Entered Level 10 of the Dungeon
 11181 | D:9      | Killed an unseen horror
 11278 | D:9      | Reached skill level 5 in Evocations
 11511 | D:9      | Found a staircase to the Orcish Mines.
 11518 | D:9      | Reached skill level 5 in Fighting
 12168 | D:10     | Reached skill level 7 in Conjurations
 12227 | D:10     | Reached skill level 5 in Dodging
 12234 | D:10     | Killed an unseen horror
 12815 | D:11     | Noticed a cyan ugly thing
 12836 | D:11     | Killed a cyan ugly thing
 13186 | D:11     | Reached XP level 11. HP: 82/90 MP: 18/28
 13345 | D:11     | Learned a level 6 spell: Iron Shot
 13838 | D:11     | Found a staircase to the Lair.
 13842 | Lair:1   | Entered Level 1 of the Lair of Beasts
 14454 | Lair:1   | Reached skill level 5 in Armour
 14880 | Lair:2   | Reached skill level 1 in Earth Magic
 14891 | Lair:2   | Noticed Fannar
 15059 | Lair:2   | Killed Fannar
 15312 | Lair:2   | Got a pair of crude boots
 15318 | Lair:2   | Noticed a five-headed hydra
 15318 | Lair:2   | Identified the cursed +1 pair of boots "Oclip" {rF++ MR+} (You found it on level 2 of the Lair of Beasts)
 15445 | Lair:2   | Killed a five-headed hydra
 15836 | Lair:2   | Got a steaming chain mail
 15871 | Lair:2   | Identified the cursed -9 chain mail of Tinunoetz {Str+3} (You found it on level 2 of the Lair of Beasts)
 16302 | Lair:1   | Learned a level 3 spell: Regeneration
 16814 | Lair:3   | Reached skill level 8 in Conjurations
 17657 | Lair:4   | Noticed a six-headed hydra
 17668 | Lair:4   | Killed a six-headed hydra
 17888 | Lair:4   | Reached XP level 12. HP: 95/97 MP: 9/30
 18876 | Lair:5   | Found a hole to the Spider Nest.
 20534 | Lair:6   | Upgraded the game from 0.16-a0-2710-g8b41a68 to 0.16-a0-2755-gf4312ef
 20634 | Lair:6   | Found a staircase to the Swamp.
 20783 | Lair:7   | Noticed an ice dragon
 20784 | Lair:7   | Found a frozen archway.
 20791 | Lair:7   | Killed an ice dragon
 20827 | IceCv    | Entered an ice cave
 21318 | IceCv    | Reached skill level 1 in Necromancy
 21810 | IceCv    | Reached skill level 5 in Hexes
 21810 | IceCv    | Reached skill level 1 in Charms
 22643 | IceCv    | Reached skill level 9 in Conjurations
 22862 | IceCv    | Noticed a frost giant
 23081 | IceCv    | Reached XP level 13. HP: 87/106 MP: 18/32
 23252 | IceCv    | Killed a frost giant
 24441 | Lair:7   | Found a runed door.
 24451 | Lair:7   | Learned a level 6 spell: Haste
 24451 | Lair:7   | Found a viscous altar of Jiyva.
 24462 | Lair:7   | Found a staircase to the Slime Pits.
 25686 | Lair:8   | Entered Level 8 of the Lair of Beasts
 29189 | Lair:8   | Reached XP level 14. HP: 93/114 MP: 24/33
 30695 | Orc:1    | Entered Level 1 of the Orcish Mines
 31435 | Orc:2    | Reached skill level 10 in Conjurations
 31792 | Orc:3    | Noticed Nessos
 31797 | Orc:3    | Killed Nessos
 31803 | Orc:3    | Paralysed by an orc sorcerer for 5 turns
 31808 | Orc:3    | Noticed Snorg
 32084 | Orc:3    | Paralysed by an orc sorcerer for 2 turns
 32094 | Orc:3    | Found a staircase to the Elven Halls.
 32112 | Orc:3    | Noticed Joseph
 32120 | Orc:3    | Killed Joseph
 32268 | Orc:3    | Killed Snorg
 32456 | Orc:3    | Paralysed by an orc sorcerer for 3 turns
 32548 | Orc:3    | Noticed Urug
 32571 | Orc:3    | Killed Urug
 33282 | Orc:4    | Entered Level 4 of the Orcish Mines
 34897 | Orc:4    | Found a roughly hewn altar of Beogh.
 34912 | Orc:4    | Found Ghoich's Distillery.
 34912 | Orc:4    | Found Todghe's Gadget Shoppe.
 34943 | Orc:4    | Found Wiamoth's General Store.
 34943 | Orc:4    | Found Skuppuf's Weapon Shoppe.
 35359 | Orc:4    | Bought a scroll of identify for 28 gold pieces
 35359 | Orc:4    | Bought a scroll of identify for 28 gold pieces
 35644 | Orc:4    | Bought a fan of gales for 560 gold pieces
 35644 | Orc:4    | Bought a lamp of fire for 560 gold pieces
 35644 | Orc:4    | Bought a fan of gales for 560 gold pieces
 35654 | Orc:4    | Bought a potion of heal wounds for 65 gold pieces
 35654 | Orc:4    | Bought a potion of haste for 130 gold pieces
 35654 | Orc:4    | Bought a potion of agility for 52 gold pieces
 35654 | Orc:4    | Bought a potion of curing for 39 gold pieces
 35654 | Orc:4    | Bought a potion of curing for 39 gold pieces
 35654 | Orc:4    | Bought a potion of curing for 39 gold pieces
 35654 | Orc:4    | Bought a potion of invisibility for 104 gold pieces
 35844 | Orc:4    | Noticed Sonja
 35957 | Orc:4    | Killed Sonja
 36640 | Swamp:1  | Entered Level 1 of the Swamp
 40858 | Swamp:2  | Reached skill level 5 in Charms
 42174 | Swamp:3  | Reached skill level 10 in Spellcasting
 42194 | Swamp:3  | Reached XP level 15. HP: 83/122 MP: 9/35
 42199 | Swamp:3  | Noticed a thorn hunter
 42201 | Swamp:3  | Reached skill level 5 in Earth Magic
 42214 | Swamp:3  | Killed a thorn hunter
 42573 | Swamp:3  | Reached skill level 10 in Evocations
 42648 | Swamp:3  | Noticed a thorn hunter
 42655 | Swamp:3  | Killed a thorn hunter
 43609 | Swamp:3  | Noticed Wiglaf
 43623 | Swamp:3  | Killed Wiglaf
 44093 | Swamp:4  | Noticed Aizul
 45593 | Swamp:3  | Noticed a thorn hunter
 45912 | Swamp:3  | Killed a thorn hunter
 45912 | Swamp:3  | Reached skill level 11 in Conjurations
 47933 | Swamp:5  | Entered Level 5 of the Swamp
 49146 | Spider:1 | Entered Level 1 of the Spider Nest
 49174 | Spider:1 | Noticed Nikola
 50651 | D:13     | Found Quim's Weapon Shoppe.
 50906 | D:13     | Found Vetinwa's Armour Emporium.
 51074 | D:13     | Found Joim's Magic Scroll Shoppe.
 51123 | D:13     | Bought a scroll of teleportation for 51 gold pieces
 51123 | D:13     | Bought a scroll of enchant armour for 127 gold pieces
 51123 | D:13     | Bought a scroll of identify for 34 gold pieces
 51123 | D:13     | Bought a scroll of identify for 34 gold pieces
 51123 | D:13     | Bought a scroll of magic mapping for 59 gold pieces
 51123 | D:13     | Bought 2 scrolls of identify for 68 gold pieces
 51396 | D:13     | Found Sebu's Food Boutique.
 53079 | D:14     | Shot with an arrow by a centaur warrior

Action                   |  1- 3 |  4- 6 |  7- 9 | 10-12 | 13-15 || total
-------------------------+-------+-------+-------+-------+-------++-------
Melee: Unarmed           |    30 |       |       |       |       ||    30
       Dagger            |    60 |    69 |    79 |       |       ||   208
       Short sword       |       |       |   141 |   679 |   743 ||  1563
       Long sword        |       |       |    40 |    34 |    46 ||   120
       Quarterstaff      |       |       |       |    64 |       ||    64
       Spear             |       |       |       |       |   143 ||   143
       Mace              |       |       |       |       |   196 ||   196
 Cast: Shock             |    42 |    75 |   134 |   179 |   323 ||   753
       Static Discharge  |       |    17 |    61 |   221 |   714 ||  1013
       Confuse           |       |       |     3 |     7 |     2 ||    12
       Lightning Bolt    |       |       |     3 |    91 |   218 ||   312
Evoke: Wand              |       |       |    10 |    35 |    36 ||    81
       Fan of gales      |       |       |       |     2 |    10 ||    12
       Lamp of fire      |       |       |       |       |     5 ||     5
  Use: Scroll            |       |       |    10 |     9 |    38 ||    57
       Potion            |       |       |     2 |     1 |    17 ||    20
 Stab: Sleeping          |     2 |     1 |     2 |     6 |     2 ||    13
       Distracted        |       |       |     1 |     2 |     1 ||     4
       Invisible         |       |       |     3 |     1 |     4 ||     8
       Paralysed         |       |       |       |     2 |       ||     2
       Fleeing           |       |       |       |       |     2 ||     2
  Eat: Chunk             |     3 |     1 |    19 |    57 |   113 ||   193
       Beef jerky        |       |     1 |       |     2 |     3 ||     6
       Meat ration       |       |     1 |       |     2 |     1 ||     4
       Pizza             |       |       |       |     1 |       ||     1
       Royal jelly       |       |       |       |     1 |     1 ||     2
       Bread ration      |       |       |       |       |     2 ||     2
       Fruit             |       |       |       |       |     2 ||     2
